 Dungeon Crawl Stone Soup version 0.26-a0-660-gc07710193c (webtiles) character file.

Game seed: 8030617765245828110

81 Decritt the Conjurer (level 4, 0/24 HPs)
             Began as a Deep Elf Conjurer on Oct 6, 2020.
             Slain by Grinder (6 damage)
             ... on level 3 of the Dungeon.
             The game lasted 00:08:45 (2201 turns).

Decritt the Conjurer (Deep Elf Conjurer)            Turns: 2201, Time: 00:08:46

Health: 0/24       AC:  3    Str:  5    XL:     4   Next: 20%
Magic:  6/11       EV: 12    Int: 23    God:
Gold:   112        SH:  0    Dex: 13    Spells: 9/10 levels left

rFire    . . .     SeeInvis .   c - +0 quarterstaff
rCold    . . .     Faith    .   (shield currently unavailable)
rNeg     . . .     Spirit   .   o - +0 leather armour (curse)
rPois    .         Reflect  .   (no helmet)
rElec    .         Harm     .   (no cloak)
rCorr    .         Rampage  .   (no gloves)
MR       .....                  (no boots)
Stlth    ++........             (no amulet)
HPRegen  0.08/turn              (no ring)
MPRegen  0.12/turn              (no ring)

@: mighty
A: no striking features
a: no special abilities


You were on level 3 of the Dungeon.
You visited 1 branch of the dungeon, and saw 3 of its levels.

You collected 112 gold pieces.

Inventory:

Hand Weapons
 c - a +0 quarterstaff (weapon)
Missiles
 l - 2 javelins (quivered)
Armour
 g - a +0 leather armour
 o - a cursed +0 leather armour (worn)
Jewellery
 i - a +6 ring of strength {unknown}
Scrolls
 d - a scroll of fog {unknown}
 f - 3 scrolls of teleportation
 k - a scroll of enchant armour {unknown}
 m - 2 scrolls of enchant weapon
 q - a scroll of remove curse {unknown}
 r - a scroll of immolation {unknown}
Potions
 a - a potion of mutation {unknown}
 b - 2 potions of curing {unknown}
 e - a potion of heal wounds
 h - 4 potions of might
 j - 3 potions of haste
 n - a potion of ambrosia {unknown}
 p - a potion of flight {unknown}


   Skills:
 * Level 2.6 Dodging
 - Level 2.4 Stealth
 + Level 3.5 Spellcasting
 + Level 6.0 Conjurations


You had 9 spell levels left.
You knew the following spells:

 Your Spells              Type           Power        Failure   Level
a - Magic Dart            Conj           ####         1%          1

Your spell library contained the following spells:

 Spells                   Type           Power        Failure   Level
 Searing Ray              Conj           ####..       2%          2
 Dazzling Flash           Conj/Hex       ###...       16%         3
 Fulminant Prism          Conj/Hex       ###.......   47%         4
 Iskenderun's Mystic Bla  Conj/Tloc      ###.....     47%         4


Dungeon Overview and Level Annotations

Branches:
Dungeon (3/15)

Altars:
Cheibriados
The Shining One

Annotations:
D:3 Grinder


Message History

Grinder is moderately wounded.
Grinder hits you!
* * * LOW HITPOINT WARNING * * *
Okay, then.
You feel much better. Grinder hits you!
Okay, then.
Sorry, you're not good enough to have a special ability.
You feel very mighty all of a sudden. Grinder closely misses you.
Your magical contamination has completely faded away.
You hit Grinder.
Grinder is heavily wounded.
Grinder gestures at you.
You barely resist. You closely miss Grinder.
Grinder is heavily wounded.
Grinder closely misses you. Grinder hits you!
* * * LOW HITPOINT WARNING * * *
You writhe in agony.
You die...

####...... .. #
#.......... ... .
#.####........... ...#.##
................ .......
.. .......>......
.#.##.##. ##........?...
.#...... #...5........
....#.#######.#.@.....#
......#...<##.#.....(.#
.....#................###
.....#....)....####.....#
...............####.....#
..........##............#
..........##............#
........................#
........................#


You could see Grinder.

Vanquished Creatures
  2 adders (D:2)
  An ooze (D:2)
  2 worms (D:2)
  4 dart slugs
  2 leopard geckos
  2 bats (D:1)
  A giant cockroach (D:1)
  6 goblins
  7 hobgoblins
  2 jackals (D:2)
  3 kobolds
  5 frilled lizards
  6 rats
43 creatures vanquished.

Notes
Turn   | Place    | Note
-------+----------+-------------------------------------------
     0 | D:1      | Decritt the Deep Elf Conjurer began the quest for the Orb.
     0 | D:1      | Reached XP level 1. HP: 10/10 MP: 6/6
     8 | D:1      | Noticed an electric eel
   215 | D:1      | Reached XP level 2. HP: 15/15 MP: 5/8
   276 | D:1      | Reached skill level 5 in Conjurations
  1116 | D:2      | Reached XP level 3. HP: 19/19 MP: 4/9
  1291 | D:2      | Found a glowing golden altar of the Shining One.
  1473 | D:2      | Reached skill level 6 in Conjurations
  1530 | D:2      | Found a snail-covered altar of Cheibriados.
  1532 | D:2      | Reached XP level 4. HP: 24/24 MP: 8/11
  2189 | D:3      | Noticed Grinder
  2201 | D:3      | Slain by Grinder

Illustrated notes

Levels and vault maps discovered:
D:1:      arrival_aquarium_a, layout_basic, kennysheep_crisscross
D:2:      layout_basic, cheibriados_altar_1, tso_metal_star
D:3:      layout_basic, nicolae_ru_the_path_less_chosen, uniq_grinder

Skill      XL: |  1  2  3 |
---------------+----------+-----
Conjurations   | 5 6 |  6.0
Dodging        | |  2.6
Stealth        | |  2.4
Spellcasting   | |  3.5

Action                   |  1- 3 |  4- 6 || total
-------------------------+-------+-------++-------
Melee: Quarterstaff      |       |     2 ||     2
Throw: Javelin           |     1 |       ||     1
 Cast: Magic Dart        |    64 |    20 ||    84
  Use: Scroll            |       |     5 ||     5
       Potion            |       |     2 ||     2
Armor: Leather armour    |     1 |     1 ||     2
Dodge: Dodged            |     7 |     4 ||    11

Table legend: (Time is in decaauts)
 A = Elapsed time spent in this place.
 B = Non-inter-level travel time spent in this place.
 C = Inter-level travel time spent in this place.
 D = Time resting spent in this place.
 E = Time spent auto-exploring this place.
 F = Levels seen in this place.
 G = Mean time per level.
                   A        B        C        D        E       F      G
               +--------+--------+--------+--------+--------+-----+--------+
         Total |   2200 |   2162 |     38 |      0 |   1904 |   3 |  733.3 |
       Dungeon |   2200 |   2162 |     38 |      0 |   1904 |   3 |  733.3 |
               +--------+--------+--------+--------+--------+-----+--------+

Top non-repeatable levels by time:
     D:2: 1163 daAuts
     D:1: 928 daAuts
     D:3: 109 daAuts
